 Dungeon Crawl Stone Soup version 0.18-a0-1229-ge9a1a01 (webtiles) character file.

2339 namelastname112 the Basher (level 9, -10/117 HPs)
             Began as a Green Draconian Gladiator on Feb 4, 2016.
             Was an Initiate of Gozag.
             Killed from afar by a gargoyle (15 damage)
             ... with a stone arrow
             ... on level 7 of the Dungeon.
             The game lasted 00:12:28 (6757 turns).

namelastname112 the Basher (DrGl)                   Turns: 6757, Time: 00:12:29

Health: -10/117    AC:  8    Str: 22    XL:     9   Next: 19%
Magic:  9/9        EV: 16    Int:  9    God:    Gozag
Gold:   734        SH:  0    Dex: 18    Spells: 0 memorised, 8 levels left

rFire  . . .     SeeInvis .     F - +0 dire flail
rCold  . . .     Gourm    .     (armour unavailable)
rNeg   . . .     Faith    .     (shield currently unavailable)
rPois  +         Spirit   .     b - +0 hat
rElec  .         Dismiss  .     H - +0 cloak
rCorr  .         Reflect  .     (no gloves)
SustAt .         Harm     .     (no boots)
MR     +....                    i - amulet of rage
Stlth  ..........               j - +3 ring of dexterity
                                k - ring of protection from magic

@: berserking, very quick, somewhat resistant to hostile enchantments, extremely
unstealthy
A: breathe noxious fumes, unfitting armour, poison resistance, cold-blooded, AC
+7
a: Breathe Noxious Fumes, Potion Petition, Call Merchant, Bribe Branch, Renounce
Religion, Evoke Berserk Rage


You were on level 7 of the Dungeon.
You worshipped Gozag.
Gozag was noncommittal.
You were hungry.

You visited 2 branches of the dungeon, and saw 8 of its levels.

You collected 791 gold pieces.
You paid 57 gold pieces to Gozag.

Inventory:

Hand Weapons
 a - a +0 flail
 w - a +1 whip of freezing
 F - a +0 dire flail (weapon)
Missiles
 c - 5 throwing nets
 n - 5 tomahawks of returning (quivered)
Armour
 b - a +0 hat (worn)
 q - a +0 cloak
 H - a +0 cloak (worn)
Jewellery
 g - an uncursed ring of wizardry
 i - an amulet of rage (around neck)
 j - a +3 ring of dexterity (right hand)
 k - a ring of protection from magic (left hand)
 u - a +2 ring of evasion {unknown}
Wands
 E - a wand of slowing (29/48)
 I - a wand of flame (13/48)
Scrolls
 l - a scroll of recharging
 o - 2 scrolls of fear {unknown}
 p - 3 scrolls of teleportation {unknown}
 s - 8 scrolls of identify {unknown}
 t - a scroll of noise {unknown}
 v - 2 scrolls of enchant armour {unknown}
 y - 2 scrolls of immolation {unknown}
 z - 2 scrolls of remove curse
 C - a scroll of fog {unknown}
 G - a scroll of magic mapping {unknown}
Potions
 e - 2 potions of invisibility {unknown}
 f - 4 potions of flight {unknown}
 h - 2 potions of heal wounds {unknown}
 m - 4 potions of might {unknown}
 r - a potion of mutation {unknown}
 x - a potion of haste {unknown}
 A - a potion of lignification {unknown}
 B - a potion of agility {unknown}
 D - 3 potions of curing {unknown}
Comestibles
 d - 10 bread rations


   Skills:
 + Level 6.6 Fighting
 * Level 8.3 Maces & Flails
 + Level 5.1 Throwing
 + Level 5.7 Dodging


You had 8 spell levels left.
You didn't know any spells.

Dungeon Overview and Level Annotations

Branches:
Dungeon (7/15)             Temple (1/1) D:4

Altars:
Cheibriados
Elyvilon
Fedhas
Gozag
Kikubaaqudgha
Makhleb
Nemelex Xobeh
Okawaru
Qazlal
Ru
Sif Muna
Trog
Xom
Yredelemnul

Shops:
D:4 =

Annotations:
D:4 2 runed doors


Innate Abilities, Weirdness & Mutations

You can breathe blasts of noxious fumes.
Your lurid green scales are hard (AC +7).
Your body does not fit into most forms of armour.
Your system is resistant to poisons.
You are cold-blooded and may be slowed by cold attacks.


Message History

A red film seems to cover your vision as you go berserk!
You feel yourself moving faster!
You feel mighty!
You barely miss the gargoyle.
The gargoyle is lightly damaged.
The gargoyle hits you with a flail!
* * * LOW HITPOINT WARNING * * *
You hit the gargoyle. You tail-slap the gargoyle.
The gargoyle is moderately damaged.
You barely miss the gargoyle.
The gargoyle is moderately damaged.
The gargoyle hits you with a flail!
* * * LOW HITPOINT WARNING * * *
You hit the gargoyle.
The gargoyle is heavily damaged.
You hit the gargoyle but do no damage.
Your tail-slap misses the gargoyle.
The gargoyle is heavily damaged.
The gargoyle hurls a stone arrow at you.
The stone arrow hits you!
You die...
Your body crumbles into a pile of gold.

###
...
#.#
#.#
#.#
#?#
#9#
#@#
#.#
#.#
#.#
#.#
#.#
#<#
###


You could see a gargoyle.

Vanquished Creatures
  Pikel (D:5)
  Prince Ribbit (D:6)
  A steam dragon (D:6)
  Edmund (D:6)
  An ice beast (D:6)
  3 ogres
  A sky beast (D:6)
  A centaur (D:6)
  2 giant frogs (D:6)
  A scorpion (D:6)
  3 crimson imps
  3 hounds (D:4)
  A jelly (D:4)
  4 orc wizards
  Crazy Yiuf (D:6)
  A giant frog skeleton (D:4)
  An iguana (D:5)
  4 worker ants
  7 gnolls
  15 adders
  A shadow imp (D:6)
  2 oozes (D:4)
  2 adder skeletons
  4 worms
  5 giant geckos
  25 orcs
  A ball python (D:2)
  4 giant cockroaches
  2 goblins
  4 hobgoblins (D:1)
  15 jackals
  8 kobolds
  3 quokkas
  6 bats
  2 giant gecko skeletons
  3 giant newts
  A jackal zombie (D:6)
  9 rats
150 creatures vanquished.

Vanquished Creatures (others)
  2 slaves (D:5)
  A gnoll shaman (D:5)
  3 gnolls (D:5)
  A shadow imp (D:5)
  A quokka (D:6)
  6 fungi (D:6)
14 creatures vanquished.

Grand Total: 164 creatures vanquished

Notes
Turn   | Place    | Note
--------------------------------------------------------------
     0 | D:1      | namelastname112 the Draconian Gladiator began the quest for the Orb.
     0 | D:1      | Reached XP level 1. HP: 17/17 MP: 1/1
   292 | D:1      | Reached XP level 2. HP: 22/24 MP: 2/2
   899 | D:2      | Found a sparkling altar of Nemelex Xobeh.
   920 | D:2      | Reached XP level 3. HP: 24/30 MP: 3/3
  1468 | D:3      | Found a blossoming altar of Fedhas.
  1545 | D:3      | HP: 1/30 [gnoll/flail (13)]
  1850 | D:3      | Reached XP level 4. HP: 37/37 MP: 4/4
  1861 | D:3      | Reached skill level 4 in Maces & Flails
  2222 | D:3      | Found an iron altar of Okawaru.
  2740 | D:3      | Found a stormy altar of Qazlal.
  2742 | D:3      | Found a shimmering altar of Xom.
  2795 | D:4      | Reached XP level 5. HP: 31/45 MP: 5/5
  3186 | D:4      | Found Zoopimub's Jewellery Shop.
  3234 | D:4      | Found a basalt altar of Yredelemnul.
  3299 | D:4      | Reached XP level 6. HP: 48/51 MP: 6/6
  3466 | D:4      | Found a large runed door.
  3466 | D:4      | Found a large runed door.
  3475 | D:4      | Reached skill level 5 in Maces & Flails
  3699 | D:4      | Found a large runed door.
  3699 | D:4      | Found a large runed door.
  3776 | D:4      | Found a staircase to the Ecumenical Temple.
  4244 | D:4      | Reached XP level 7. HP: 6/60 MP: 7/7
  4244 | D:4      | Your scales start taking on a lurid green colour.
  4244 | D:4      | Gained mutation: Your system is resistant to poisons. [Green Draconian growth]
  4546 | Temple   | Entered the Ecumenical Temple
  4632 | Temple   | Became a worshipper of Gozag Ym Sagoz the Greedy
  4846 | D:5      | Entered Level 5 of the Dungeon
  4856 | D:5      | Noticed Pikel
  4894 | D:5      | Killed Pikel
  4894 | D:5      | Reached skill level 5 in Fighting
  4894 | D:5      | Reached skill level 6 in Maces & Flails
  4894 | D:5      | Reached XP level 8. HP: 57/68 MP: 8/8
  5387 | D:5      | Reached skill level 7 in Maces & Flails
  5542 | D:6      | Reached skill level 5 in Dodging
  5662 | D:6      | Noticed Prince Ribbit
  5697 | D:6      | Killed Prince Ribbit
  5923 | D:6      | Found a white marble altar of Elyvilon.
  5958 | D:6      | Noticed Edmund
  5996 | D:6      | Killed Edmund
  5996 | D:6      | Reached skill level 8 in Maces & Flails
  6044 | D:6      | Noticed Crazy Yiuf
  6051 | D:6      | Killed Crazy Yiuf
  6051 | D:6      | Reached XP level 9. HP: 73/75 MP: 9/9
  6149 | D:6      | Reached skill level 5 in Throwing
  6160 | D:6      | Found a snail-covered altar of Cheibriados.
  6215 | D:6      | Noticed a moth of wrath
  6218 | D:6      | Found a bloodstained altar of Trog.
  6546 | D:7      | Noticed a gargoyle
  6755 | D:7      | HP: 5/117 [gargoyle/flail (7)]
  6757 | D:7      | Killed from afar by a gargoyle

Vault maps used:
D:1:      lightli_arrival_statue_moat
D:2:      nicolae_overflow_crystal_walls
D:3:      nicolae_overflow_hidden_temple, lemuel_crystal_altar, first_bread
D:4:      marbit_many_paths, temple_doors_d, serial_glass, glass_columns_c,
          glass_columns_b, minmay_strange_pillars, feat_on_display,
          feat_on_display, item_on_display_a, serial_shops, shop,
          minmay_hollow_rounded_squares
D:5:      uniq_pikel
D:6:      kennysheep_steamy, tgw_trog, cheibriados_altar_1, elyvilon_altar_4,
          hangedman_decor_slide_cut, kennysheep_crisscross,
          kennysheep_generic_room_3, uniq_edmund, uniq_crazy_yiuf_cottage,
          uniq_prince_ribbit1
D:7:      nicolae_dithmenos_the_darkroom, minmay_crossroads
Temple:   nicolae_temple_hex_pool_5

Action                   |  1- 3 |  4- 6 |  7- 9 || total
-------------------------+-------+-------+-------++-------
Melee: Flail             |   110 |   211 |    37 ||   358
       Whip              |       |       |   264 ||   264
       Dire flail        |       |       |    11 ||    11
Throw: Tomahawk          |       |     9 |       ||     9
 Abil: Evoke Berserk Rag |     1 |     2 |     3 ||     6
       Breathe Noxious F |       |       |     9 ||     9
Evoke: Wand              |       |       |     6 ||     6
  Use: Scroll            |     2 |       |     1 ||     3
 Stab: Sleeping          |     1 |     4 |       ||     5
       Confused          |       |       |     7 ||     7
       Distracted        |       |       |     2 ||     2
  Eat: Chunk             |     1 |     6 |     2 ||     9
       Meat ration       |     1 |       |     1 ||     2
       Beef jerky        |       |       |     1 ||     1
       Fruit             |       |       |     4 ||     4
